Map: Catalyst LE

Players

Solar - Winner!

  • Race: Zerg Zerg
  • League: Diamond
  • Spawn Location: 5:00

soO

  • Race: Zerg Zerg
  • League: Master
  • Spawn Location: 11:00

Event: HomeStory Cup XVII

VOD

Have the link to the VOD?

Description

Time

  • Played on: July 1, 2018, 9:15 a.m.
  • Length: 9:40

All games in this series

Show
View Real Time Build Order
Export as new Build Order

Solar Zerg - Winner!

Build Orders: Hatch First 

Get SALT Encoding   

  12  0:01  Drone  
  13  0:12  Overlord  
  13  0:16  Drone  
  14  0:31  Drone x2  
  16  0:50  Hatchery  
  16  0:52  Drone  
  16  0:56  Drone  
  17  0:59  Drone  
  18  1:06  Extractor  
  17  1:15  Spawning Pool  
  16  1:18  Drone  
  16  1:22  Drone  
  18  1:28  Drone  
  19  1:39  Overlord  
  19  1:59  Drone  
  20  2:02  Queen x2  
  20  2:03  Zergling x2  
  20  2:07  Metabolic Boost  
  25  2:08  Zergling x2  
  25  2:13  Drone  
  27  2:16  Drone  
  28  2:24  Drone x2  
  30  2:39  Hatchery  
  30  2:43  Drone  
  30  2:45  Drone  
  30  2:50  Zergling x4  
  33  2:54  Overlord  
  32  2:58  Drone  
  34  3:06  Drone  
  35  3:14  Drone x4  
  35  3:15  Drone x2  
  41  3:21  Hatchery, Drone  
  41  3:26  Overlord  
  41  3:28  Drone  
  41  3:32  Drone  
  43  3:39  Drone  
  43  3:40  Evolution Chamber  
  43  3:44  Lair  
  43  3:46  Drone x5  
  48  3:49  Drone x2  
  48  3:54  Roach Warren  
  49  3:56  Drone  
  49  3:58  Drone  
  51  4:03  Extractor  
  51  4:04  Extractor  
  51  4:07  Zerg Missile Weapons Level 1, Drone x2  
  51  4:10  Overlord  
  52  4:17  Drone  
  52  4:25  Overlord  
  52  4:26  Overlord  
  52  4:28  Queen  
  54  4:31  Drone x2  
  54  4:34  Roach x3  
  54  4:36  Roach  
  64  4:44  Roach x2  
  65  4:49  Glial Reconstitution  
  65  4:51  Extractor  
  64  4:57  Overlord  
  64  4:59  Drone x3  
  67  5:01  Roach x4  
  67  5:04  Overlord  
  75  5:11  Overlord  
  75  5:12  Roach  
  75  5:13  Roach  
  79  5:18  Overlord  
  79  5:20  Overlord  
  79  5:21  Roach  
  79  5:22  Roach  
  79  5:24  Overlord  
  79  5:26  Roach  
  79  5:27  Overseer  
  85  5:30  Roach  
  85  5:33  Roach  
  85  5:35  Roach  
  91  5:38  Roach x2  
  91  5:40  Roach  
  97  5:47  Drone, Roach  
  97  5:48  Roach  
  104  5:50  Roach x2  
  104  5:54  Roach  
  104  5:55  Roach  
  104  5:57  Overlord  
  110  5:59  Roach  
  110  6:02  Roach  
  110  6:03  Roach  
  116  6:07  Roach  
  118  6:13  Roach x3  
  118  6:15  Drone x2  
  118  6:17  Overlord  
  126  6:27  Burrow  
  126  6:28  Overlord  
  126  6:35  Drone x6  
  126  6:38  Overlord  
  126  6:39  Overseer  
  132  6:47  Overlord  
  132  6:52  Tunneling Claws  
  132  6:54  Zerg Missile Weapons Level 2  
  132  6:55  Drone x2  
  132  6:56  Roach x2  
  132  6:57  Roach x2  
  132  6:59  Extractor  
  141  7:01  Overlord  
  141  7:03  Drone  
  142  7:08  Overlord  
  142  7:10  Roach x4  
  142  7:15  Roach x2  
  154  7:19  Roach x2  
  158  7:23  Overlord  
  158  7:26  Overlord  
  158  7:29  Roach x4  
  166  7:30  Overseer  
  166  7:32  Overlord  
  166  7:34  Roach  
  168  7:41  Roach  
  168  7:42  Overlord  
  174  7:44  Roach x3  
  174  7:46  Ravager  
  174  7:47  Roach x2  
  174  7:51  Roach  
  183  7:53  Ravager  
  183  7:54  Roach  
  183  7:57  Roach x4  
  183  7:58  Roach x2  
  188  8:00  Roach  
  188  8:04  Roach x3  
  196  8:07  Roach  
  196  8:09  Roach  
  196  8:10  Roach  
  182  8:13  Roach x2  
  182  8:15  Roach  
  182  8:17  Roach  
  182  8:18  Roach x3  
  164  8:20  Roach  
  164  8:24  Roach x3  
  139  8:29  Roach  
  139  8:30  Unknown x2  
  139  8:31  Roach  
  139  8:32  Roach x3  
  137  8:37  Roach  
  137  8:39  Roach  
  139  8:42  Roach  
  139  8:47  Hatchery, Roach x2  
  140  8:49  Roach x3  
  140  8:52  Roach x2  
  140  8:53  Roach x6  
  140  8:55  Roach x2  
  140  8:56  Roach x2  
  140  9:00  Roach  
  142  9:05  Roach x4  
  142  9:07  Ravager  
  142  9:09  Roach  
  153  9:11  Roach  
  153  9:16  Roach x3  
  159  9:19  Roach x2  
  159  9:20  Roach  
Show
View Real Time Build Order
Export as new Build Order

soO Zerg 

Build Orders: Hatch First 

Get SALT Encoding   

  12  0:01  Drone  
  13  0:12  Overlord  
  13  0:16  Drone  
  14  0:30  Drone x2  
  14  0:33  Drone  
  17  0:51  Hatchery  
  17  0:54  Drone  
  17  0:57  Drone  
  18  1:09  Extractor  
  17  1:12  Spawning Pool  
  17  1:15  Drone  
  17  1:19  Drone  
  18  1:28  Drone  
  19  1:38  Overlord  
  19  1:58  Queen  
  19  1:59  Zergling x4  
  23  2:02  Queen  
  23  2:04  Drone  
  26  2:10  Drone  
  26  2:15  Drone  
  28  2:22  Drone  
  29  2:25  Drone  
  30  2:31  Drone  
  30  2:36  Overlord  
  31  2:38  Queen  
  33  2:50  Drone x2  
  35  2:57  Lair  
  37  2:58  Drone x2  
  37  3:03  Overlord  
  37  3:07  Drone  
  37  3:09  Drone, Evolution Chamber  
  38  3:13  Drone  
  39  3:20  Roach Warren  
  39  3:22  Drone x2  
  39  3:23  Drone  
  41  3:30  Drone x2  
  41  3:33  Drone x2  
  43  3:34  Zerg Missile Weapons Level 1, Evolution Chamber  
  43  3:38  Extractor  
  43  3:41  Extractor  
  40  3:43  Drone  
  40  3:44  Drone  
  40  3:47  Drone x2  
  44  3:48  Drone x2  
  46  3:59  Glial Reconstitution  
  46  4:00  Overlord  
  46  4:01  Roach x2  
  50  4:07  Overlord  
  50  4:08  Drone  
  51  4:11  Drone  
  51  4:12  Overseer  
  51  4:13  Overseer  
  52  4:20  Roach x3  
  58  4:46  Drone  
  58  4:48  Drone  
  58  4:52  Roach  
  62  4:57  Roach x3  
  62  4:58  Overlord, Hatchery  
  67  5:02  Overlord  
  67  5:07  Overlord  
  67  5:13  Overlord  
  67  5:19  Roach x4  
  75  5:23  Roach x4  
  83  5:32  Roach x2  
  83  5:34  Zerg Missile Weapons Level 2, Roach x2  
  83  5:35  Drone  
  92  5:43  Drone x2  
  94  5:50  Zerg Ground Armor Level 1  
  94  5:51  Overlord, Drone x2  
  94  5:53  Overlord  
  96  6:00  Drone  
  96  6:02  Overlord  
  96  6:03  Overlord  
  97  6:10  Roach  
  97  6:11  Roach x3  
  105  6:15  Roach  
  107  6:21  Roach  
  107  6:23  Roach x2  
  113  6:31  Roach x3  
  113  6:32  Roach  
  121  6:39  Drone x2  
  124  6:40  Drone x3  
  124  6:44  Overlord  
  124  6:46  Overlord  
  126  6:48  Extractor  
  126  6:50  Overlord  
  126  6:52  Drone x2  
  127  6:56  Ravager  
  127  6:57  Overlord, Ravager  
  127  7:01  Overlord  
  129  7:03  Roach  
  129  7:04  Roach x3  
  129  7:05  Drone  
  129  7:06  Drone  
  139  7:13  Roach x2  
  143  7:16  Roach  
  143  7:19  Roach x2  
  149  7:28  Roach x3  
  149  7:29  Roach x4  
  163  7:30  Overlord  
  163  7:31  Overlord  
  163  7:35  Extractor  
  163  7:36  Ravager  
  163  7:38  Roach  
  163  7:40  Overlord x2  
  165  7:47  Roach x2  
  169  7:56  Roach x3  
  169  7:57  Roach x4  
  165  8:13  Roach x3  
  165  8:14  Roach  
  165  8:15  Roach x2  
  165  8:16  Roach x2  
  165  8:19  Roach  
  155  8:22  Roach  
  155  8:23  Roach  
  155  8:25  Roach  
  138  8:28  Roach  
  138  8:31  Roach  
  138  8:33  Roach  
  122  8:36  Roach  
  122  8:37  Roach  
  122  8:40  Roach  
  116  8:42  Roach  
  116  8:45  Roach  
  116  8:46  Roach  
  119  8:52  Roach  
  119  8:53  Roach x2  
  119  8:55  Roach  
  123  9:01  Roach  
  123  9:02  Roach x2  
  129  9:03  Overlord  
  131  9:10  Roach x4  
  131  9:14  Roach x2  
  133  9:17  Roach x2  
  133  9:19  Roach  
Tags
 
Add a new tag
Caveats
  • Supply blocks, unpowered buildings, or Contaminate may cause inaccurate times.
  • Supply counts are checked every 10 seconds.